 Dungeon Crawl Stone Soup version 0.26-a0-958-gf3041fb45f (webtiles) character file.

Game seed: 5875277168452736459

69 Rodnoix the Shield-Bearer (level 4, 0/41 HPs)
             Began as a Gnoll Fighter on Nov 30, 2020.
             Slain by a water moccasin (1 damage)
             ... in a sewer.
             The game lasted 00:02:50 (1231 turns).

Rodnoix the Shield-Bearer (Gnoll Fighter)           Turns: 1231, Time: 00:02:51

Health: 0/41       AC:  7    Str: 18 (20) XL:     4   Next: 20%
Magic:  5/5        EV:  8    Int: 11 (12) God:
Gold:   134        SH: 10    Dex: 13 (14) Spells: 5/5 levels left

rFire    . . .     SeeInvis .   a - +0 war axe
rCold    . . .     Faith    .   c - +0 kite shield
rNeg     . . .     Spirit   .   b - +0 scale mail
rPois    .         Reflect  .   (no helmet)
rElec    .         Harm     .   (no cloak)
rCorr    .         Rampage  .   (no gloves)
MR       .....                  (no boots)
Stlth    ..........             (no amulet)
HPRegen  0.13/turn              (no ring)
MPRegen  0.09/turn              (no ring)

@: lethally poisoned (0 -> -35)
A: distributed training, fangs 1, clever 1, MP-powered wands, strong nose
a: no special abilities


You were in a sewer.
You visited 1 branch of the dungeon, and saw 3 of its levels.
You also visited: Sewer.

You collected 134 gold pieces.

Inventory:

Hand Weapons
 a - a +0 war axe (weapon)
Missiles
 g - 7 silver javelins (quivered)
Armour
 b - a +0 scale mail (worn)
 c - a +0 kite shield (worn)
Scrolls
 f - a scroll of remove curse
 k - a scroll of enchant weapon {unknown}
 l - a scroll of blinking {unknown}
 m - a scroll of enchant armour {unknown}
Potions
 d - 2 potions of might
 i - a potion of heal wounds {unknown}
 j - a potion of invisibility {unknown}


   Skills:
 + Level 6.6 Fighting
 + Level 1.0 Short Blades
 + Level 1.0 Long Blades
 + Level 4.6 Axes
 + Level 1.0 Maces & Flails
 + Level 1.0 Polearms
 + Level 1.0 Staves
 + Level 1.0 Slings
 + Level 1.0 Bows
 + Level 1.0 Crossbows
 + Level 1.0 Throwing
 + Level 6.6 Armour
 + Level 1.0 Dodging
 + Level 1.0 Stealth
 + Level 6.6 Shields
 + Level 1.0 Unarmed Combat
 + Level 1.0 Spellcasting
 + Level 0.8 Conjurations
 + Level 0.8 Hexes
 + Level 0.8 Summonings
 + Level 0.8 Necromancy
 + Level 0.8 Translocations
 + Level 0.8 Transmutations
 + Level 0.8 Fire Magic
 + Level 0.8 Ice Magic
 + Level 0.8 Air Magic
 + Level 0.8 Earth Magic
 + Level 0.8 Poison Magic
 + Level 1.1 Invocations
 + Level 1.0 Evocations


You had 5 spell levels left.
You didn't know any spells.
Your spell library was empty.

Dungeon Overview and Level Annotations

Branches:
Dungeon (4/15)              Sewer (1/1)
 Temple: D:4-7

Altars:


Innate Abilities, Weirdness & Mutations

Your experience applies equally to all skills.
You have very sharp teeth.
Your uncanny sense of smell can sniff out nearby items.
Your mind is acute. (Int +2)
You expend magic power (3 MP) to strengthen your wands.


Message History

The water moccasin is heavily wounded.
* * * LOW HITPOINT WARNING * * *
You feel very sick. You block the water moccasin's attack.
The water moccasin bites you.
* * * LOW HITPOINT WARNING * * *
It was a potion of mutation.
You feel extremely strange.
You feel clever.
You feel your magical essence link to the dungeon's wands.
* * * LOW HITPOINT WARNING * * *
You feel sick.
The water moccasin bites you but does no damage.
It was a potion of degeneration.
There was something very wrong with that liquid.
You feel weakened.
You feel dopey.
You feel clumsy.
* * * LOW HITPOINT WARNING * * *
You feel sick. The water moccasin bites you.
* * * LOW HITPOINT WARNING * * *
You are more poisoned.
The water moccasin poisons you! The water moccasin bites you.
You die...

#...
#.≈.#
#.≈#
##..# #.≈
#..# #..#
##≈.#
#...# #.
##≈.##
#..≈#...#
#.≈≈.@##
#..≈.S#
##.≈.##
#...
[.#.# ∆
#$=#. ∆∆
## ##


You could see a water moccasin.

Vanquished Creatures
  An adder (D:4)
  3 river rats (D:4)
  An ooze (D:1)
  A worm (D:4)
  A leopard gecko (D:4)
  A ball python (D:1)
  A giant cockroach (D:1)
  2 goblins (D:1)
  2 hobgoblins (D:1)
  2 jackals (Sewer)
  A frilled lizard (D:1)
  6 kobolds
  5 rats
27 creatures vanquished.

Notes
Turn   | Place    | Note
-------+----------+-------------------------------------------
     0 | D:1      | Rodnoix the Gnoll Fighter began the quest for the Orb.
     0 | D:1      | Reached XP level 1. HP: 23/23 MP: 1/1
   107 | D:1      | Reached XP level 2. HP: 29/29 MP: 2/2
   733 | D:2      | You fall into a shaft and drop 2 floors!
   805 | D:4      | Reached XP level 3. HP: 9/35 MP: 3/3
   895 | D:4      | Noticed a phantom
   912 | D:4      | Reached skill level 1 in Invocations
   947 | D:4      | Reached skill level 1 in Short Blades
   947 | D:4      | Reached skill level 1 in Long Blades
   947 | D:4      | Reached skill level 1 in Maces & Flails
   947 | D:4      | Reached skill level 1 in Polearms
   947 | D:4      | Reached skill level 1 in Staves
   947 | D:4      | Reached skill level 1 in Slings
   947 | D:4      | Reached skill level 1 in Bows
   947 | D:4      | Reached skill level 1 in Crossbows
   947 | D:4      | Reached skill level 1 in Throwing
   947 | D:4      | Reached skill level 1 in Dodging
   947 | D:4      | Reached skill level 1 in Stealth
   947 | D:4      | Reached skill level 1 in Unarmed Combat
   947 | D:4      | Reached skill level 1 in Spellcasting
   947 | D:4      | Reached skill level 1 in Evocations
  1021 | D:4      | Reached XP level 4. HP: 23/41 MP: 5/5
  1059 | D:4      | Found a glowing drain.
  1104 | Sewer    | Entered a sewer
  1218 | Sewer    | Noticed a water moccasin
  1230 | Sewer    | Gained mutation: Your mind is acute. (Int +2) [potion of
                  | mutation]
  1230 | Sewer    | Gained mutation: You expend magic power (3 MP) to
                  | strengthen your wands. [potion of mutation]
  1231 | Sewer    | HP: 2/41 [poisoned by a water moccasin]
  1231 | Sewer    | Slain by a water moccasin

Illustrated notes

Levels and vault maps discovered:
D:1:      dpeg_arrival_prison, layout_basic
D:2:      layout_basic
D:4:      layout_rooms, gup_sewer_entry_spiral, minmay_misc_feat_x, uniq_natasha
Sewer:    sewer_the_moccasin

Skill      XL: |  1  2  3 |
---------------+----------+-----
Invocations    | 1 |  1.1
Short Blades   | 1 |  1.0
Long Blades    | 1 |  1.0
Maces & Flails | 1 |  1.0
Polearms       | 1 |  1.0
Staves         | 1 |  1.0
Slings         | 1 |  1.0
Bows           | 1 |  1.0
Crossbows      | 1 |  1.0
Throwing       | 1 |  1.0
Dodging        | 1 |  1.0
Stealth        | 1 |  1.0
Unarmed Combat | 1 |  1.0
Spellcasting   | 1 |  1.0
Evocations     | 1 |  1.0
Fighting       | |  6.6
Axes           | |  4.6
Armour         | |  6.6
Shields        | |  6.6
Conjurations   | |  0.8
Hexes          | |  0.8
Summonings     | |  0.8
Necromancy     | |  0.8
Translocations | |  0.8
Transmutations | |  0.8
Fire Magic     | |  0.8
Ice Magic      | |  0.8
Air Magic      | |  0.8
Earth Magic    | |  0.8
Poison Magic   | |  0.8

Action                   |  1- 3 |  4- 6 || total
-------------------------+-------+-------++-------
Melee: War axe           |    73 |    15 ||    88
       Bite              |     6 |     1 ||     7
  Use: Scroll            |     4 |       ||     4
       Potion            |       |     2 ||     2
Armor: Scale mail        |    19 |    10 ||    29
Dodge: Dodged            |    20 |     7 ||    27
Block: Kite shield       |    43 |    12 ||    55

Table legend: (Time is in decaauts)
 A = Elapsed time spent in this place.
 B = Non-inter-level travel time spent in this place.
 C = Inter-level travel time spent in this place.
 D = Time resting spent in this place.
 E = Time spent auto-exploring this place.
 F = Levels seen in this place.
 G = Mean time per level.
                   A        B        C        D        E       F      G
               +--------+--------+--------+--------+--------+-----+--------+
         Total |   1286 |   1266 |     20 |    217 |    768 |   4 |  321.5 |
       Dungeon |   1150 |   1130 |     20 |    217 |    663 |   3 |  383.3 |
         Sewer |    135 |    135 |      0 |      0 |    105 |   1 |  135.0 |
               +--------+--------+--------+--------+--------+-----+--------+

Top non-repeatable levels by time:
     D:1: 719 daAuts
     D:4: 406 daAuts
   Sewer: 135 daAuts
     D:2: 24 daAuts
